 Dungeon Crawl Stone Soup version 0.31-a0-702-gf82c85558f (webtiles) character file.

Game seed: 6182226219707074377

203484 qw the Slayer (level 18, -22/132 HPs)
             Began as a Gargoyle Hunter on Sept 8, 2023.
             Was a Priest of Okawaru.
             Annihilated by qw's illusion (illusionary) (23 damage)
             ... woven by Mara
             ... on level 4 of the Spider Nest.
             The game lasted 00:18:37 (31160 turns).

qw the Slayer (Gargoyle Hunter)                    Turns: 31160, Time: 00:18:37

Health: -22/132    AC: 34    Str: 16    XL:     18   Next: 61%
Magic:  25/25      EV: 35    Int: 11    God:    Okawaru [***...]
Gold:   1228       SH:  5    Dex: 25    Spells: 17/17 levels left

rFire   . . .        l - +7 orcbow (heavy)
rCold   + . .        (shield currently unavailable)
rNeg    + . .        q - +2 leather armour {rC+}
rPois   inf          j - +2 helmet
rElec   +            p - +2 cloak
rCorr   .            g - +2 pair of gloves
SInv    .            c - +2 pair of boots
Will    +....        r - amulet of reflection
Stlth   ++++         k - +6 ring of dexterity
HPRegen 0.42/turn    s - +5 ring of evasion
MPRegen 0.19/turn

%: reflection
@: about to teleport, heroic, flying
A: sickness immunity, AC +13, big wings, negative energy resistance 1,
electricity resistance, torment resistance 1, petrification resistance, talons
1, deformed body, screaming 1
}: 1/15 runes: gossamer
a: Renounce Religion, Heroism


You were on level 4 of the Spider Nest.
You worshipped Okawaru.
Okawaru was most pleased with you.
You visited 6 branches of the dungeon, and saw 30 of its levels.

You collected 3203 gold pieces.
You spent 1975 gold pieces at shops.


Innate Abilities, Weirdness & Mutations

You are immune to sickness and miasma.
Your stone body is resilient. (AC +13)
You are immune to poison.
Your large and strong wings let you fly.
You resist negative energy. (rN+)
You are resistant to electric shocks. (rElec)
You are resistant to unholy torment.
You are immune to petrification.
You have sharp toenails.
Armour fits poorly on your strangely shaped body.
You occasionally shout uncontrollably at your foes.


   Skills:
 + Level 21.6(26.6) Fighting
 - Level 16.0(21.0) Ranged Weapons
 - Level 11.0(16.0) Armour
 - Level 15.0(20.0) Dodging
 - Level 1.1(6.1) Stealth
 - Level 10.0 Invocations


You had 17 spell levels left.
You didn't know any spells.
Your spell library was empty.

Inventory:

Hand Weapons
 l - a +7 heavy orcbow (weapon)
Armour
 c - a +2 pair of boots (worn)
 d - a +0 robe of fire resistance
 g - a +2 pair of gloves (worn)
 h - the +3 leather armour "Oxashoviss" {Str+2}
   (You found it on level 6 of the Dungeon)

   Str+2:     It affects your strength (+2).
 j - a +2 helmet (worn)
 p - a +2 cloak (worn)
 q - a +2 leather armour of cold resistance (worn)
 w - the +2 hat "Peistrod" {rElec rN++ Int+3 Dex-5}
   (You found it on level 4 of the Spider Nest)

   Int+3:     It affects your intelligence (+3).
   Dex-5:     It affects your dexterity (-5).
   rElec:     It insulates you from electricity.
   rN++:      It greatly protects you from negative energy.
 z - the scarf of Qazlal's Delight {repulsion, Dex+4}
   (You found it on level 4 of the Spider Nest)

   Dex+4:     It affects your dexterity (+4).
Jewellery
 k - a +6 ring of dexterity (left hand)
 r - an amulet of reflection (around neck)
 s - a +5 ring of evasion (right hand)
 x - a ring of protection from fire
Wands
 u - a wand of digging (23)
Scrolls
 a - 18 scrolls of identify
 i - 2 scrolls of teleportation
 y - a scroll of enchant armour
Potions
 b - 4 potions of might
 e - 6 potions of mutation
 f - 4 potions of enlightenment
 m - 4 potions of resistance
 n - 7 potions of magic
 o - 8 potions of curing
 t - a potion of cancellation
 v - 4 potions of haste

Dungeon Overview and Level Annotations

Branches:
Dungeon (15/15)            Temple (1/1) D:4            Lair (5/5) D:9
  Swamp (3/4) Lair:2       Spider (4/4) Lair:3        Slime (0/5) Lair:4
    Orc (2/2) D:9             Elf (0/3) Orc:2        Vaults (0/5) D:14
 Depths (0/4) D:15

Altars:
Ashenzari
Cheibriados
Dithmenos
Elyvilon
Fedhas
Gozag
Hepliaklqana
Kikubaaqudgha
Makhleb
Nemelex Xobeh
Okawaru
Qazlal
Ru
Sif Muna
Trog
Uskayaw
Vehumet
Wu Jian
Xom
Yredelemnul
Zin
The Shining One
Jiyva

Shops:
D:1 [   D:5 ?   D:9 (   D:12 !((:   D:13 *   Orc:1 *   Orc:2 ?(=?

Portals:
Pandemonium: Orc:2
Trove: D:11 (give 2 scrolls of acquirement)

Annotations:
D:5 1 runed translucent door, Crazy Yiuf
D:11 2 transporters, Myila's ghost, journeyman GrFi
Spider:4 Mara


Message History

Qw's illusion completely misses you. Mara closely misses you.
You shoot an arrow. The arrow hits Mara!!
You kill Mara!
Mara shimmers and vanishes!
Qw's illusion shimmers and vanishes!
Mara gestures at you.
There is a horrible, sudden wrenching feeling in your soul!
A broodmother comes into view.
You shoot an arrow. The arrow hits Mara!
Mara is severely wounded.
You shoot an arrow. The arrow hits Mara!
Mara is severely wounded.
Mara completely misses you.
You shoot an arrow. The arrow hits Mara but does no damage.
Mara is severely wounded.
Mara gestures at you. The bolt of fire hits you! Mara gestures at you.
The bolt of fire hits you!!!
You shoot an arrow. The arrow hits Mara!
You kill Mara!
Mara shimmers and vanishes!
Mara hits you but does no damage.
You shoot an arrow. The arrow barely misses Mara.
You block the tarantella's attack. The tarantella completely misses you.
Mara splashes around in the water.
You shoot an arrow. The arrow hits Mara!
Mara is lightly wounded.
Mara gestures at you. The bolt of fire hits you!!
31158 ||| READING 3 scrolls of teleportation.
As you read the scroll of teleportation, it crumbles to dust.
You feel strangely unstable. Mara closely misses you.
You shoot an arrow. The arrow completely misses Mara.
Mara blinks!
Mara is caught in a web!
You shoot an arrow.
The arrow hits qw's illusion but does no damage.
Qw's illusion hits you!
Mara blinks!
The broodmother misses you. Qw's illusion hits you!!
You die...

## #### ######~
##.[#####..^#^. ~.~s
#.~~.#...[#.... .^R#
##..###..###... ~RR#
#...~######~.~# ..^
#####..## ##...## ##~^
#@##.^..####~.~##
##.^~##@s#^##.#^^##..~##
#.~..#[s..ยค..~%.~^#.:~.#
#..^....R.....%~.......#
#...^#...^.......~#^..~#
##..~##/^#.##.#~.##~.~##
##~. ####^...##.#^.~##
..^ ##~.######..^## ~..#
#^...######~.~#


You could see Mara, a broodmother, a tarantella and qw's illusion.

Vanquished Creatures
  Arachne (Spider:2)
  Jorgrun (Orc:1)
  Mlioglotl (Spider:1)
  A tentacled monstrosity (Swamp:3)
  Frances (Spider:2)
  Gastronok (Orc:1)
  Aizul (Spider:4)
  Roxanne (D:14)
  Donald (Swamp:1)
  4 emperor scorpions (Spider:4)
  2 ghost moths
  5 ghouls
  An orc warlord (Orc:1)
  An ironbound preserver (D:14)
  A broodmother (Spider:4)
  4 eleionomae
  2 bunyips
  Azrael (Spider:3)
  4 spark wasps
  Snorg (Orc:1)
  A fire dragon (D:15)
  A spriggan air mage (Swamp:2)
  Fannar (D:12)
  2 entropy weavers
  A ghost crab (Swamp:3)
  5 hydras
  2 ogre magi
  6 radroaches
  Erolcha (D:13)
  2 catoblepae (Lair:4)
  A demonspawn (Orc:2)
  6 boulder beetles
  6 alligators
  10 centaur warriors
  A tengu warrior (D:9)
  5 death yaks (Lair:5)
  9 two-headed ogres
  13 demonic crawlers
  Urug (Orc:2)
  A sun demon (Orc:2)
  7 orc high priests (Orc:2)
  A soul eater (D:15)
  A sun moth (Spider:4)
  2 skysharks
  3 skeletal warriors
  2 pharaoh ants
  4 goliath frogs
  3 swamp dragons
  3 spriggan druids
  3 orb spiders
  2 flayed ghosts
  2 wizards
  A lindwurm (Lair:5)
  3 bog bodies
  3 spriggan simulacra (Swamp:3)
  8 steelbarb worms
  A necromancer (D:15)
  A shadow dragon skeleton (D:15)
  An orange crystal statue (D:10)
  7 orc sorcerers
  21 wolf spiders
  A deep elf zephyrmancer (D:9)
  6 orc knights
  5 cyclopes
  A will-o-the-wisp (Swamp:3)
  4 deep elf pyromancers
  8 ugly things
  3 manticores
  6 black mambas
  20 elephants
  A moth of wrath (Spider:2)
  3 stone giant skeletons (D:15)
  Joseph (Lair:1)
  A rust devil (Orc:2)
  A black mamba (shapeshifter) (D:14)
  6 torpor snails
  A gargoyle (D:13)
  3 orange demons
  2 unseen horrors
  An efreet (D:9)
  9 cane toads
  A yaktaur (D:15)
  4 kobold demonologists
  6 komodo dragons
  An anaconda simulacrum (Swamp:3)
  A rime drake (Lair:5)
  2 ice devils
  4 trolls
  9 meliai
  3 tyrant leeches
  3 bloated husks
  A queen bee (D:13)
  9 polar bears
  2 hellwings (D:15)
  An alligator simulacrum (Swamp:3)
  24 tarantellas
  8 hornets
  6 dream sheep
  A blink frog (shapeshifter) (D:14)
  4 blink frogs (Lair:4)
  14 slime creatures
  15 jumping spiders
  12 culicivoras
  2 ynoxinuls (D:15)
  A centaur simulacrum (D:14)
  14 spriggans
  4 wyverns
  A water elemental (D:12)
  3 shadows
  A vampire (D:7)
  A dire elephant simulacrum (Swamp:3)
  40 yaks
  6 humans (Spider:2)
  7 basilisks
  A wraith (D:12)
  5 vampire mosquitoes
  2 fire elementals (Spider:3)
  3 chaos spawn (D:15)
  A hog (Spider:2)
  36 redbacks
  2 neqoxecs
  A steam dragon (D:9)
  10 swamp worms
  A harpy simulacrum (Swamp:3)
  15 water moccasins
  4 acid dragons
  36 orc warriors
  A swamp drake (Swamp:1)
  5 hell hounds (Spider:3)
  An ice beast (D:6)
  13 ogres
  11 boggarts
  2 black bears
  22 wolves
  8 centaurs
  4 kobold brigands (D:8)
  14 bullfrogs
  3 necrophages (Swamp:3)
  A deep troll simulacrum (Swamp:3)
  2 scorpions (D:4)
  11 wights
  20 killer bees
  9 howler monkeys
  5 electric eels
  2 hounds
  5 jellies
  19 orc priests
  6 iguanas
  A gnoll bouda (D:9)
  Jessica (D:2)
  2 sleepcaps
  27 orc wizards
  4 hell rats (Lair:5)
  8 gnolls
  10 adders
  A river rat (D:5)
  A shadow imp (D:5)
  2 white imps
  An ufetubus (D:5)
  6 dart slugs
  2 worms
  68 orcs
  11 ball pythons
  2 bats
  12 endoplasms
  3 giant cockroaches
  6 goblins
  9 hobgoblins
  8 jackals (D:1)
  4 quokkas
  3 frilled lizards
  6 kobolds
  5 rats
  2 spectral weapons (Spider:3)
969 creatures vanquished.

Vanquished Creatures (others)
  Asterion (Spider:3)
  Kirke (Spider:2)
  2 boggarts (D:14)
4 creatures vanquished.

Grand Total: 973 creatures vanquished

Notes
Turn   | Place    | Note
-------+----------+-------------------------------------------
     0 | D:1      | qw the Gargoyle Hunter began the quest for the Orb.
     0 | D:1      | Reached XP level 1. HP: 12/12 MP: 1/1
     0 | D:1      | 0 ||| qw: Version: 0.3-a-76-g4403597
     0 | D:1      | 0 ||| qw: Game counter: 932
     0 | D:1      | 0 ||| qw: Melee chars always use a shield: true
     0 | D:1      | 0 ||| qw: God list: Okawaru
     0 | D:1      | 0 ||| qw: Allow faded altars: false
     0 | D:1      | 0 ||| qw: Do Orc after clearing Dungeon:15 true
     0 | D:1      | 0 ||| qw: Do second Lair branch before Depths: true
     0 | D:1      | 0 ||| qw: Lair rune preference: random
     0 | D:1      | 0 ||| qw: Goals: Normal
     0 | D:1      | 0 ||| PLANNING D:1-11
    46 | D:1      | 46 ||| DROPPING scroll of butterflies.
   106 | D:1      | Reached XP level 2. HP: 17/17 MP: 2/2
   172 | D:1      | Reached XP level 3. HP: 21/21 MP: 3/3
   244 | D:1      | Found Sugh's Antique Armour Boutique.
   373 | D:1      | You fall into a shaft and drop 1 floor!
   375 | D:2      | 375 ||| READING scroll labelled OTARRASOCH.
   376 | D:2      | 376 ||| READING scroll labelled OSETAJ DYMEOWN.
   501 | D:1      | Found a faded altar of an unknown god.
   626 | D:1      | 626 ||| READING scroll labelled VOTANYIDEO.
   727 | D:1      | 727 ||| READING scroll labelled PEEHEFR RUABE.
   743 | D:1      | 743 ||| READING 2 scrolls of identify.
   743 | D:1      | 743 ||| IDENTIFYING fuming silvery potion
   744 | D:1      | 744 ||| DROPPING potion of degeneration.
   826 | D:2      | Reached skill level 3 in Fighting
   932 | D:2      | Reached XP level 4. HP: 28/28 MP: 4/4
  1148 | D:2      | Noticed Jessica
  1152 | D:2      | Killed Jessica
  1444 | D:2      | 1444 ||| UPGRADING to +0 pair of gloves.
  1449 | D:2      | 1449 ||| UPGRADING to +0 ring mail.
  1459 | D:2      | 1459 ||| DROPPING +0 leather armour.
  1460 | D:2      | 1460 ||| UPGRADING to +6 ring of dexterity.
  1461 | D:2      | 1461 ||| READING 3 scrolls labelled PASTOR BA GOTT.
  1465 | D:2      | 1465 ||| READING scroll labelled EDAGHU BUFAJ.
  1466 | D:2      | 1466 ||| DRINKING 2 coppery potions.
  1467 | D:2      | 1467 ||| DRINKING 2 murky grey potions.
  1468 | D:2      | 1468 ||| DRINKING 2 fizzy clear potions.
  1469 | D:2      | 1469 ||| READING 2 scrolls of identify.
  1469 | D:2      | 1469 ||| IDENTIFYING purple potion
  1470 | D:2      | 1470 ||| DROPPING potion of brilliance.
  1597 | D:3      | Reached XP level 5. HP: 26/32 MP: 5/5
  1603 | D:3      | 1603 ||| Stepping ~*~*~tactically~*~*~ (retreating).
  1604 | D:3      | 1604 ||| Stepping ~*~*~tactically~*~*~ (retreating).
  1605 | D:3      | 1605 ||| Stepping ~*~*~tactically~*~*~ (retreating).
  1609 | D:3      | 1609 ||| Stepping ~*~*~tactically~*~*~ (retreating).
  1610 | D:3      | 1610 ||| Stepping ~*~*~tactically~*~*~ (retreating).
  1611 | D:3      | 1611 ||| RETREATING.
  1623 | D:3      | Reached skill level 1 in Armour
  1639 | D:3      | 1639 ||| DRINKING potion of curing.
  1639 | D:3      | 1639 ||| (to cure confusion)
  1655 | D:3      | 1655 ||| FLEEEEING.
  1656 | D:3      | 1656 ||| FLEEEEING.
  1660 | D:3      | Reached skill level 6 in Ranged Weapons
  2072 | D:3      | 2072 ||| UPGRADING to +0 robe of fire resistance.
  2082 | D:3      | 2082 ||| READING scroll labelled VOUZOM WEUTS.
  2083 | D:3      | 2083 ||| READING scroll labelled WUMOJO DUXUI.
  2084 | D:3      | 2084 ||| READING scroll labelled AWEHIACWIE.
  2124 | D:4      | Reached XP level 6. HP: 31/37 MP: 6/6
  2124 | D:4      | 2124 ||| STAIRDANCE
  2201 | D:4      | Found a staircase to the Ecumenical Temple.
  2202 | D:4      | 2202 ||| PLANNING TEMPLE
  2208 | Temple   | Entered the Ecumenical Temple
  2209 | Temple   | 2209 ||| PLANNING OKAWARU WORSHIP
  2238 | Temple   | Became a worshipper of Warmaster Okawaru
  2239 | Temple   | 2239 ||| PLANNING D:1-11
  2316 | D:4      | Reached skill level 4 in Fighting
  2655 | D:4      | Reached XP level 7. HP: 43/43 MP: 7/7
  3078 | D:4      | 3078 ||| DRINKING 2 silvery potions.
  3078 | D:4      | Gained mutation: You have sharp toenails. [potion of
                  | mutation]
  3079 | D:4      | 3079 ||| READING 3 scrolls of identify.
  3079 | D:4      | 3079 ||| IDENTIFYING emerald potion
  3080 | D:4      | 3080 ||| READING 2 scrolls of identify.
  3080 | D:4      | 3080 ||| IDENTIFYING orange potion
  3112 | D:5      | Entered Level 5 of the Dungeon
  3113 | D:5      | 3113 ||| PLANNING SEWER
  3121 | D:5      | 3121 ||| Stepping ~*~*~tactically~*~*~ (outnumbered).
  3256 | D:5      | Reached * piety under Okawaru
  3261 | D:5      | Found Owneudd's Magic Scroll Shoppe.
  3288 | D:5      | 3288 ||| Stepping ~*~*~tactically~*~*~ (outnumbered).
  3293 | D:5      | 3293 ||| INVOKING Heroism.
  3441 | D:5      | 3441 ||| BUYING scroll of brand weapon (114 gold).
  3441 | D:5      | Bought a scroll of brand weapon for 114 gold pieces
  3441 | D:5      | 3441 ||| BUYING scroll of identify (24 gold).
  3441 | D:5      | Bought a scroll of identify for 24 gold pieces
  3441 | D:5      | 3441 ||| BUYING scroll of identify (24 gold).
  3441 | D:5      | Bought a scroll of identify for 24 gold pieces
  3441 | D:5      | 3441 ||| BUYING scroll of identify (24 gold).
  3441 | D:5      | Bought a scroll of identify for 24 gold pieces
  3441 | D:5      | 3441 ||| SHOPLISTING scroll of teleportation (36 gold, have
                  | 26).
  3441 | D:5      | 3441 ||| READING scroll of brand weapon.
  3441 | D:5      | 3441 ||| BRANDING +1 shortbow.
  3757 | D:5      | Reached skill level 5 in Fighting
  3772 | D:5      | Reached XP level 8. HP: 49/49 MP: 8/8
  3778 | D:5      | 3778 ||| READING scroll of enchant armour.
  3778 | D:5      | 3778 ||| ENCHANTING +0 pair of gloves.
  3902 | D:5      | Reached skill level 1 in Invocations
  3907 | D:5      | 3907 ||| RIP SEWER
  3908 | D:5      | 3908 ||| PLANNING D:1-11
  3954 | D:5      | Found a runed translucent door.
  3955 | D:5      | Noticed Crazy Yiuf
  4142 | D:5      | 4142 ||| UPGRADING to ring of see invisible.
  4143 | D:5      | 4143 ||| READING 2 scrolls labelled IJUPRYICORGH.
  4144 | D:5      | 4144 ||| READING 6 scrolls of identify.
  4144 | D:5      | 4144 ||| IDENTIFYING sedimented pink potion
  4145 | D:5      | 4145 ||| READING 5 scrolls of identify.
  4145 | D:5      | 4145 ||| IDENTIFYING metallic sapphire potion
  4146 | D:5      | 4146 ||| DROPPING potion of attraction.
  4147 | D:5      | 4147 ||| DROPPING potion of berserk rage.
  4148 | D:5      | 4148 ||| DROPPING scroll of noise.
  4287 | D:6      | Found a basalt altar of Yredelemnul.
  4320 | D:6      | 4320 ||| INVOKING Heroism.
  4421 | D:6      | Identified the +3 leather armour "Oxashoviss" {Str+2}
  4533 | D:6      | 4533 ||| Stepping ~*~*~tactically~*~*~ (outnumbered).
  4667 | D:6      | Reached skill level 9 in Ranged Weapons
  4690 | D:6      | 4690 ||| UPGRADING to +3 leather armour "Oxashoviss"
                  | {Str+2}.
  4700 | D:6      | 4700 ||| DROPPING +0 ring mail.
  4740 | D:7      | Reached skill level 3 in Invocations
  4748 | D:7      | 4748 ||| READING scroll of enchant armour.
  4748 | D:7      | 4748 ||| ENCHANTING +1 pair of gloves.
  4782 | D:7      | 4782 ||| RETREATING.
  4889 | D:7      | 4889 ||| INVOKING Heroism.
  4891 | D:7      | Reached skill level 3 in Dodging
  5005 | D:7      | 5005 ||| INVOKING Heroism.
  5073 | D:7      | Found a shimmering blue altar of Sif Muna.
  5074 | D:7      | Noticed a vampire
  5078 | D:7      | 5078 ||| RETREATING.
  5081 | D:7      | 5081 ||| Stepping ~*~*~tactically~*~*~ (retreating).
  5082 | D:7      | 5082 ||| Stepping ~*~*~tactically~*~*~ (retreating).
  5083 | D:7      | 5083 ||| Stepping ~*~*~tactically~*~*~ (retreating).
  5084 | D:7      | 5084 ||| INVOKING Heroism.
  5097 | D:7      | Killed a vampire
  5098 | D:7      | Reached skill level 6 in Fighting
  5098 | D:7      | Reached XP level 9. HP: 25/55 MP: 10/12
  5104 | D:7      | 5104 ||| INVOKING Heroism.
  5161 | D:7      | 5161 ||| INVOKING Heroism.
  5169 | D:7      | 5169 ||| READING scroll labelled DENLE ZYMIWUNOTZ.
  5228 | D:7      | 5228 ||| INVOKING Heroism.
  5275 | D:7      | Found a glowing silver altar of Zin.
  5280 | D:7      | Found a hide-covered altar of Uskayaw.
  5451 | D:7      | 5451 ||| INVOKING Heroism.
  5526 | D:7      | 5526 ||| READING scroll of brand weapon.
  5526 | D:7      | 5526 ||| BRANDING +1 shortbow of draining.
  5610 | D:7      | 5610 ||| INVOKING Heroism.
  5644 | D:7      | 5644 ||| UPGRADING to +0 helmet.
  5649 | D:7      | 5649 ||| READING scroll labelled FAUCEU FAOL PIAVO.
  5650 | D:7      | 5650 ||| DRINKING 2 golden potions.
  5651 | D:7      | 5651 ||| DROPPING potion of invisibility.
  5721 | D:8      | Noticed a kobold demonologist
  5726 | D:8      | Noticed a kobold demonologist
  5727 | D:8      | 5727 ||| RETREATING.
  5732 | D:8      | Noticed a kobold demonologist
  5734 | D:8      | Noticed a red devil
  5734 | D:8      | 5734 ||| INVOKING Heroism.
  5737 | D:8      | Noticed a hellwing
  5742 | D:8      | Killed a kobold demonologist
  5743 | D:8      | Reached skill level 3 in Armour
  5753 | D:8      | Killed a kobold demonologist
  5754 | D:8      | Reached skill level 7 in Fighting
  5768 | D:8      | Killed a kobold demonologist
  5982 | D:8      | 5982 ||| RETREATING.
  5987 | D:8      | Reached XP level 10. HP: 63/63 MP: 13/13
  5994 | D:8      | Reached ** piety under Okawaru
  6070 | D:8      | Noticed a two-headed hydra
  6071 | D:8      | 6071 ||| RETREATING.
  6072 | D:8      | 6072 ||| INVOKING Heroism.
  6074 | D:8      | 6074 ||| Stepping ~*~*~tactically~*~*~ (retreating).
  6076 | D:8      | 6076 ||| Stepping ~*~*~tactically~*~*~ (retreating).
  6079 | D:8      | 6079 ||| Stepping ~*~*~tactically~*~*~ (retreating).
  6081 | D:8      | 6081 ||| Stepping ~*~*~tactically~*~*~ (retreating).
  6083 | D:8      | 6083 ||| Stepping ~*~*~tactically~*~*~ (retreating).
  6089 | D:8      | Killed a two-headed hydra
  6192 | D:8      | Reached skill level 8 in Fighting
  6324 | D:8      | 6324 ||| INVOKING Heroism.
  6545 | D:8      | 6545 ||| READING scroll labelled JOBBUGUWER.
  6545 | D:8      | Identified a scroll of acquirement
  6545 | D:8      | 6545 ||| ACQUIRING amulet "Joafy" {RegenMP Dex+2}
  6545 | D:8      | Acquired the amulet "Joafy" {RegenMP Dex+2}
  6547 | D:8      | 6547 ||| UPGRADING to amulet "Joafy" {RegenMP Dex+2}.
  6552 | D:8      | 6552 ||| READING 7 scrolls of identify.
  6552 | D:8      | 6552 ||| IDENTIFYING clear potion
  6578 | D:9      | Reached skill level 12 in Ranged Weapons
  6581 | D:9      | 6581 ||| READING scroll of acquirement.
  6581 | D:9      | 6581 ||| ACQUIRING ring "Arieh" {Will+ Str+3}
  6581 | D:9      | Acquired the ring "Arieh" {Will+ Str+3}
  6614 | D:9      | 6614 ||| INVOKING Heroism.
  6634 | D:9      | 6634 ||| Stepping ~*~*~tactically~*~*~ (retreating).
  6643 | D:9      | Noticed a two-headed ogre
  6644 | D:9      | 6644 ||| Stepping ~*~*~tactically~*~*~ (retreating).
  6644 | D:9      | Identified the +0 leather armour of Saocs {Str+2 Slay+3}
  6645 | D:9      | 6645 ||| Stepping ~*~*~tactically~*~*~ (retreating).
  6646 | D:9      | 6646 ||| INVOKING Heroism.
  6649 | D:9      | 6649 ||| Stepping ~*~*~tactically~*~*~ (retreating).
  6653 | D:9      | HP: 7/64 [two-headed ogre/+2 dire flail of protection (15)]
  6654 | D:9      | 6654 ||| READING 4 scrolls of teleportation.
  6655 | D:9      | 6655 ||| DRINKING 2 potions of heal wounds.
  6657 | D:9      | 6657 ||| DRINKING potion of heal wounds.
  6763 | D:9      | 6763 ||| RETREATING.
  6764 | D:9      | 6764 ||| INVOKING Heroism.
  6771 | D:9      | 6771 ||| Stepping ~*~*~tactically~*~*~ (retreating).
  6807 | D:9      | 6807 ||| INVOKING Heroism.
  6920 | D:9      | 6920 ||| INVOKING Heroism.
  6951 | D:9      | Noticed a skeletal warrior
  6952 | D:9      | 6952 ||| SWAPPING to +0 orcbow.
  6953 | D:9      | 6953 ||| INVOKING Heroism.
  6970 | D:9      | Noticed a boulder beetle
  6972 | D:9      | Killed a skeletal warrior
  6972 | D:9      | Reached *** piety under Okawaru
  6973 | D:9      | Reached XP level 11. HP: 30/68 MP: 14/14
  6979 | D:9      | 6979 ||| INVOKING Heroism.
  6994 | D:9      | Killed a boulder beetle
  6995 | D:9      | Reached skill level 9 in Fighting
  7014 | D:9      | 7014 ||| INVOKING Heroism.
  7160 | D:9      | 7160 ||| DROPPING +1 shortbow of freezing.
  7176 | D:9      | 7176 ||| READING scroll of enchant weapon.
  7176 | D:9      | 7176 ||| ENCHANTING +0 orcbow.
  7301 | D:9      | Found Loill's Weapon Shop.
  7402 | D:9      | Found a staircase to the Lair.
  7429 | D:9      | Noticed a deep elf pyromancer
  7434 | D:9      | 7434 ||| INVOKING Heroism.
  7435 | D:9      | Killed a deep elf pyromancer
  7522 | D:9      | 7522 ||| INVOKING Heroism.
  7554 | D:9      | 7554 ||| READING scroll of enchant armour.
  7554 | D:9      | 7554 ||| ENCHANTING +0 helmet.
  7639 | D:9      | 7639 ||| INVOKING Heroism.
  7684 | D:9      | Noticed a manticore
  7685 | D:9      | 7685 ||| INVOKING Heroism.
  7734 | D:9      | Noticed an orc sorcerer
  7735 | D:9      | 7735 ||| INVOKING Heroism.
  7738 | D:9      | Killed an orc sorcerer
  7738 | D:9      | Noticed an orc sorcerer
  7743 | D:9      | Killed an orc sorcerer
  7750 | D:9      | Noticed a deep elf zephyrmancer
  7765 | D:9      | Killed a deep elf zephyrmancer
  7790 | D:9      | 7790 ||| INVOKING Heroism.
  7800 | D:9      | Killed a two-headed ogre
  7801 | D:9      | Reached skill level 6 in Dodging
  7823 | D:9      | Noticed a red ugly thing
  7828 | D:9      | 7828 ||| INVOKING Heroism.
  7832 | D:9      | Killed a red ugly thing
  7852 | D:9      | 7852 ||| INVOKING Heroism.
  7860 | D:9      | Killed a manticore
  8010 | D:9      | Found a staircase to the Orcish Mines.
  8089 | D:9      | Reached skill level 10 in Fighting
  8096 | D:9      | 8096 ||| Stepping ~*~*~tactically~*~*~ (retreating).
  8113 | D:9      | Reached **** piety under Okawaru
  8189 | D:9      | Found a broken altar of Ashenzari.
  8193 | D:9      | Saw a vision of the Swamp and the Spider Nest.
  8193 | D:9      | Noticed a four-headed hydra
  8193 | D:9      | Noticed a steelbarb worm
  8193 | D:9      | Noticed a boulder beetle
  8193 | D:9      | Noticed a boulder beetle
  8193 | D:9      | Noticed a radroach
  8194 | D:9      | Noticed a wolf spider
  8194 | D:9      | Noticed an entropy weaver
  8195 | D:9      | Noticed a steelbarb worm
  8196 | D:9      | Noticed a moth of wrath
  8196 | D:9      | Noticed a wolf spider
  8197 | D:9      | Noticed a wolf spider
  8288 | D:9      | 8288 ||| READING scroll of enchant weapon.
  8288 | D:9      | 8288 ||| ENCHANTING +1 orcbow.
  8307 | D:9      | Noticed a tengu warrior
  8323 | D:9      | 8323 ||| INVOKING Heroism.
  8327 | D:9      | Killed a tengu warrior
  8327 | D:9      | Received a gift from Okawaru
  8328 | D:9      | Reached XP level 12. HP: 23/77 MP: 15/15
  8643 | D:9      | 8643 ||| PLANNING LAIR
  8643 | D:9      | 8643 ||| READING scroll labelled NEKIFY WE FARA.
  8652 | Lair:1   | Entered Level 1 of the Lair of Beasts
  8663 | Lair:1   | Identified the +6 scale mail of the Bedazzled God {Fly
                  | rElec rCorr Stlth+}
  8670 | Lair:1   | 8670 ||| INVOKING Heroism.
  8694 | Lair:1   | 8694 ||| RETREATING.
  8711 | Lair:1   | 8711 ||| RETREATING.
  8720 | Lair:1   | 8720 ||| INVOKING Heroism.
  8742 | Lair:1   | Reached skill level 15 in Ranged Weapons
  8855 | Lair:1   | Noticed Joseph
  8871 | Lair:1   | 8871 ||| INVOKING Heroism.
  8872 | Lair:1   | Killed Joseph
  8873 | Lair:1   | Reached skill level 6 in Invocations
  9128 | Lair:1   | 9128 ||| RETREATING.
  9139 | Lair:1   | 9139 ||| Stepping ~*~*~tactically~*~*~ (retreating).
  9140 | Lair:1   | 9140 ||| Stepping ~*~*~tactically~*~*~ (retreating).
  9141 | Lair:1   | 9141 ||| Stepping ~*~*~tactically~*~*~ (retreating).
  9142 | Lair:1   | 9142 ||| Stepping ~*~*~tactically~*~*~ (retreating).
  9147 | Lair:1   | 9147 ||| INVOKING Heroism.
  9338 | Lair:1   | 9338 ||| INVOKING Heroism.
  9655 | Lair:1   | 9655 ||| DROPPING ring of flight.
  9667 | Lair:2   | Noticed a six-headed hydra
  9668 | Lair:2   | 9668 ||| INVOKING Heroism.
  9676 | Lair:2   | Killed a six-headed hydra
  9907 | Lair:2   | 9907 ||| INVOKING Heroism.
  9933 | Lair:2   | 9933 ||| INVOKING Heroism.
 10023 | Lair:2   | Found a staircase to the Swamp.
 10023 | Lair:2   | Noticed an eleionoma
 10064 | Lair:2   | 10064 ||| INVOKING Heroism.
 10087 | Lair:2   | Killed an eleionoma
 10087 | Lair:2   | Received a gift from Okawaru
 10319 | Lair:2   | 10319 ||| DROPPING ring of wizardry.
 10320 | Lair:2   | 10320 ||| READING 3 scrolls labelled ENYOSAGY MIPYN.
 10321 | Lair:2   | 10321 ||| DROPPING 2 scrolls of amnesia.
 10440 | Lair:3   | Found a hole to the Spider Nest.
 10552 | Lair:3   | 10552 ||| RETREATING.
 10556 | Lair:3   | 10556 ||| RETREATING.
 10558 | Lair:3   | 10558 ||| Stepping ~*~*~tactically~*~*~ (retreating).
 10571 | Lair:3   | 10571 ||| INVOKING Heroism.
 10681 | Lair:3   | Found the +8 whip "Snakebite" {venom, curare, rPois}
 10748 | Lair:3   | 10748 ||| RETREATING.
 10760 | Lair:3   | 10760 ||| Stepping ~*~*~tactically~*~*~ (retreating).
 10761 | Lair:3   | 10761 ||| Stepping ~*~*~tactically~*~*~ (retreating).
 10762 | Lair:3   | 10762 ||| Stepping ~*~*~tactically~*~*~ (retreating).
 10763 | Lair:3   | 10763 ||| Stepping ~*~*~tactically~*~*~ (retreating).
 10764 | Lair:3   | 10764 ||| Stepping ~*~*~tactically~*~*~ (retreating).
 10765 | Lair:3   | 10765 ||| Stepping ~*~*~tactically~*~*~ (retreating).
 10766 | Lair:3   | 10766 ||| Stepping ~*~*~tactically~*~*~ (retreating).
 10785 | Lair:3   | 10785 ||| INVOKING Heroism.
 10792 | Lair:3   | Reached XP level 13. HP: 49/82 MP: 19/19
 10804 | Lair:3   | Reached skill level 9 in Invocations
 11024 | Lair:3   | Reached ***** piety under Okawaru
 11456 | Lair:3   | 11456 ||| UPGRADING to +0 pair of boots.
 11461 | Lair:3   | 11461 ||| DROPPING ring of ice.
 11486 | Lair:4   | 11486 ||| RETREATING.
 11488 | Lair:4   | 11488 ||| INVOKING Heroism.
 11611 | Lair:4   | 11611 ||| INVOKING Heroism.
 11634 | Lair:4   | 11634 ||| READING scroll of enchant armour.
 11634 | Lair:4   | 11634 ||| ENCHANTING +1 helmet.
 11660 | Lair:4   | 11660 ||| RETREATING.
 11673 | Lair:4   | 11673 ||| RETREATING.
 11682 | Lair:4   | 11682 ||| Stepping ~*~*~tactically~*~*~ (retreating).
 11768 | Lair:4   | 11768 ||| RETREATING.
 11874 | Lair:4   | 11874 ||| RETREATING.
 11881 | Lair:4   | 11881 ||| Stepping ~*~*~tactically~*~*~ (retreating).
 11886 | Lair:4   | Reached skill level 11 in Fighting
 11890 | Lair:4   | 11890 ||| Stepping ~*~*~tactically~*~*~ (retreating).
 11891 | Lair:4   | 11891 ||| Stepping ~*~*~tactically~*~*~ (retreating).
 11892 | Lair:4   | 11892 ||| Stepping ~*~*~tactically~*~*~ (retreating).
 11893 | Lair:4   | 11893 ||| Stepping ~*~*~tactically~*~*~ (retreating).
 11894 | Lair:4   | 11894 ||| Stepping ~*~*~tactically~*~*~ (retreating).
 11895 | Lair:4   | 11895 ||| Stepping ~*~*~tactically~*~*~ (retreating).
 11907 | Lair:4   | 11907 ||| INVOKING Heroism.
 11940 | Lair:4   | HP: 21/84 [komodo dragon (16)]
 11941 | Lair:4   | 11941 ||| READING 3 scrolls of teleportation.
 11942 | Lair:4   | 11942 ||| DRINKING potion of heal wounds.
 11963 | Lair:4   | 11963 ||| FLEEEEING.
 11964 | Lair:4   | 11964 ||| FLEEEEING.
 11965 | Lair:4   | 11965 ||| STAIRDANCE
 12068 | Lair:4   | 12068 ||| INVOKING Heroism.
 12133 | Lair:4   | 12133 ||| INVOKING Heroism.
 12134 | Lair:4   | 12134 ||| INVOKING Finesse.
 12280 | Lair:4   | Found a staircase to the Slime Pits.
 12283 | Lair:4   | Found a viscous altar of Jiyva.
 12289 | Lair:4   | 12289 ||| RETREATING.
 12600 | Lair:4   | You fall into a shaft and drop 1 floor!
 12600 | Lair:5   | Entered Level 5 of the Lair of Beasts
 12602 | Lair:5   | 12602 ||| INVOKING Heroism.
 12681 | Lair:5   | 12681 ||| INVOKING Heroism.
 12686 | Lair:5   | 12686 ||| RETREATING.
 12689 | Lair:5   | 12689 ||| Stepping ~*~*~tactically~*~*~ (retreating).
 12690 | Lair:5   | 12690 ||| Stepping ~*~*~tactically~*~*~ (retreating).
 12782 | Lair:5   | 12782 ||| Stepping ~*~*~tactically~*~*~ (retreating).
 12783 | Lair:5   | 12783 ||| Stepping ~*~*~tactically~*~*~ (retreating).
 12784 | Lair:5   | 12784 ||| Stepping ~*~*~tactically~*~*~ (retreating).
 12793 | Lair:5   | 12793 ||| Stepping ~*~*~tactically~*~*~ (retreating).
 12794 | Lair:5   | 12794 ||| Stepping ~*~*~tactically~*~*~ (retreating).
 12795 | Lair:5   | 12795 ||| Stepping ~*~*~tactically~*~*~ (retreating).
 12796 | Lair:5   | 12796 ||| Stepping ~*~*~tactically~*~*~ (retreating).
 12797 | Lair:5   | 12797 ||| Stepping ~*~*~tactically~*~*~ (retreating).
 12798 | Lair:5   | 12798 ||| Stepping ~*~*~tactically~*~*~ (retreating).
 12799 | Lair:5   | 12799 ||| Stepping ~*~*~tactically~*~*~ (retreating).
 12803 | Lair:5   | 12803 ||| Stepping ~*~*~tactically~*~*~ (retreating).
 12804 | Lair:5   | 12804 ||| Stepping ~*~*~tactically~*~*~ (retreating).
 12805 | Lair:5   | 12805 ||| Stepping ~*~*~tactically~*~*~ (retreating).
 12806 | Lair:5   | 12806 ||| Stepping ~*~*~tactically~*~*~ (retreating).
 12807 | Lair:5   | 12807 ||| Stepping ~*~*~tactically~*~*~ (retreating).
 12808 | Lair:5   | 12808 ||| INVOKING Heroism.
 12809 | Lair:5   | 12809 ||| Stepping ~*~*~tactically~*~*~ (retreating).
 12810 | Lair:5   | 12810 ||| Stepping ~*~*~tactically~*~*~ (retreating).
 12811 | Lair:5   | 12811 ||| Stepping ~*~*~tactically~*~*~ (retreating).
 12812 | Lair:5   | 12812 ||| Stepping ~*~*~tactically~*~*~ (retreating).
 12813 | Lair:5   | 12813 ||| Stepping ~*~*~tactically~*~*~ (retreating).
 12822 | Lair:5   | 12822 ||| Stepping ~*~*~tactically~*~*~ (retreating).
 12823 | Lair:5   | 12823 ||| Stepping ~*~*~tactically~*~*~ (retreating).
 12824 | Lair:5   | 12824 ||| Stepping ~*~*~tactically~*~*~ (retreating).
 12825 | Lair:5   | 12825 ||| Stepping ~*~*~tactically~*~*~ (retreating).
 12826 | Lair:5   | 12826 ||| Stepping ~*~*~tactically~*~*~ (retreating).
 12827 | Lair:5   | 12827 ||| Stepping ~*~*~tactically~*~*~ (retreating).
 12991 | Lair:5   | 12991 ||| INVOKING Heroism.
 13001 | Lair:5   | Reached skill level 12 in Fighting
 13076 | Lair:5   | 13076 ||| INVOKING Heroism.
 13282 | Lair:5   | Identified the +3 scale mail "Zoned" {-Cast Dex+4}
 13288 | Lair:5   | 13288 ||| RETREATING.
 13294 | Lair:5   | 13294 ||| RETREATING.
 13300 | Lair:5   | 13300 ||| RETREATING.
 13334 | Lair:5   | 13334 ||| FLEEEEING.
 13337 | Lair:5   | 13337 ||| STAIRDANCE
 13373 | Lair:5   | 13373 ||| RETREATING.
 13388 | Lair:5   | 13388 ||| Stepping ~*~*~tactically~*~*~ (retreating).
 13389 | Lair:5   | 13389 ||| Stepping ~*~*~tactically~*~*~ (retreating).
 13390 | Lair:5   | 13390 ||| Stepping ~*~*~tactically~*~*~ (retreating).
 13391 | Lair:5   | 13391 ||| Stepping ~*~*~tactically~*~*~ (retreating).
 13392 | Lair:5   | 13392 ||| Stepping ~*~*~tactically~*~*~ (retreating).
 13393 | Lair:5   | 13393 ||| Stepping ~*~*~tactically~*~*~ (retreating).
 13399 | Lair:5   | 13399 ||| Stepping ~*~*~tactically~*~*~ (retreating).
 13400 | Lair:5   | 13400 ||| Stepping ~*~*~tactically~*~*~ (retreating).
 13401 | Lair:5   | 13401 ||| Stepping ~*~*~tactically~*~*~ (retreating).
 13402 | Lair:5   | 13402 ||| Stepping ~*~*~tactically~*~*~ (retreating).
 13403 | Lair:5   | 13403 ||| Stepping ~*~*~tactically~*~*~ (retreating).
 13404 | Lair:5   | 13404 ||| RETREATING.
 13405 | Lair:5   | 13405 ||| Stepping ~*~*~tactically~*~*~ (retreating).
 13406 | Lair:5   | 13406 ||| Stepping ~*~*~tactically~*~*~ (retreating).
 13407 | Lair:5   | 13407 ||| Stepping ~*~*~tactically~*~*~ (retreating).
 13423 | Lair:5   | Gained mutation: Your large and strong wings let you fly.
                  | [Gargoyle growth]
 13423 | Lair:5   | Reached XP level 14. HP: 56/92 MP: 21/21
 13423 | Lair:5   | 13423 ||| INVOKING Heroism.
 13425 | Lair:5   | Reached skill level 9 in Dodging
 13430 | Lair:5   | HP: 18/92 [elephant (9)]
 13431 | Lair:5   | 13431 ||| READING 3 scrolls of teleportation.
 13444 | Lair:5   | 13444 ||| FLEEEEING.
 13452 | Lair:5   | 13452 ||| FLEEEEING.
 13456 | Lair:5   | 13456 ||| FLEEEEING.
 13460 | Lair:5   | 13460 ||| FLEEEEING.
 13461 | Lair:5   | 13461 ||| FLEEEEING.
 13462 | Lair:5   | 13462 ||| FLEEEEING.
 13465 | Lair:5   | 13465 ||| FLEEEEING.
 13466 | Lair:5   | 13466 ||| FLEEEEING.
 13467 | Lair:5   | 13467 ||| STAIRDANCE
 13645 | Lair:5   | 13645 ||| Stepping ~*~*~tactically~*~*~ (retreating).
 13646 | Lair:5   | 13646 ||| Stepping ~*~*~tactically~*~*~ (retreating).
 13647 | Lair:5   | 13647 ||| Stepping ~*~*~tactically~*~*~ (retreating).
 13650 | Lair:5   | 13650 ||| Stepping ~*~*~tactically~*~*~ (retreating).
 13665 | Lair:5   | 13665 ||| Stepping ~*~*~tactically~*~*~ (retreating).
 13666 | Lair:5   | 13666 ||| INVOKING Heroism.
 13669 | Lair:5   | Received a gift from Okawaru
 13719 | Lair:5   | 13719 ||| INVOKING Heroism.
 13872 | Lair:5   | 13872 ||| INVOKING Heroism.
 13873 | Lair:5   | 13873 ||| INVOKING Finesse.
 13988 | Lair:5   | 13988 ||| INVOKING Heroism.
 13996 | Lair:5   | 13996 ||| RETREATING.
 13997 | Lair:5   | 13997 ||| Stepping ~*~*~tactically~*~*~ (retreating).
 13998 | Lair:5   | 13998 ||| Stepping ~*~*~tactically~*~*~ (retreating).
 14000 | Lair:5   | Reached skill level 13 in Fighting
 14010 | Lair:5   | 14010 ||| INVOKING Finesse.
 14028 | Lair:5   | Reached skill level 6 in Armour
 14165 | Lair:5   | 14165 ||| INVOKING Heroism.
 14166 | Lair:5   | 14166 ||| INVOKING Finesse.
 14416 | Lair:5   | 14416 ||| INVOKING Heroism.
 14434 | Lair:5   | 14434 ||| RETREATING.
 14443 | Lair:5   | 14443 ||| Stepping ~*~*~tactically~*~*~ (retreating).
 14447 | Lair:5   | 14447 ||| INVOKING Heroism.
 14459 | Lair:5   | 14459 ||| Stepping ~*~*~tactically~*~*~ (retreating).
 14460 | Lair:5   | 14460 ||| Stepping ~*~*~tactically~*~*~ (retreating).
 14461 | Lair:5   | 14461 ||| Stepping ~*~*~tactically~*~*~ (retreating).
 14463 | Lair:5   | 14463 ||| Stepping ~*~*~tactically~*~*~ (retreating).
 14464 | Lair:5   | 14464 ||| Stepping ~*~*~tactically~*~*~ (retreating).
 14474 | Lair:5   | Reached skill level 14 in Fighting
 14508 | Lair:5   | 14508 ||| INVOKING Heroism.
 14715 | Lair:5   | 14715 ||| RETREATING.
 14723 | Lair:5   | 14723 ||| Stepping ~*~*~tactically~*~*~ (retreating).
 14748 | Lair:5   | 14748 ||| INVOKING Heroism.
 14878 | Lair:5   | 14878 ||| INVOKING Heroism.
 14882 | Lair:5   | 14882 ||| Stepping ~*~*~tactically~*~*~ (retreating).
 14883 | Lair:5   | 14883 ||| Stepping ~*~*~tactically~*~*~ (retreating).
 14884 | Lair:5   | 14884 ||| Stepping ~*~*~tactically~*~*~ (retreating).
 14885 | Lair:5   | 14885 ||| Stepping ~*~*~tactically~*~*~ (retreating).
 14941 | Lair:5   | 14941 ||| READING scroll of brand weapon.
 14941 | Lair:5   | 14941 ||| BRANDING +2 orcbow.
 14963 | Lair:5   | 14963 ||| INVOKING Heroism.
 15012 | Lair:5   | 15012 ||| INVOKING Heroism.
 15164 | Lair:5   | 15164 ||| PLANNING D:1-11
 15164 | Lair:5   | 15164 ||| DROPPING ring "Arieh" {Will+ Str+3}.
 15165 | Lair:5   | 15165 ||| DROPPING ring of protection from cold.
 15166 | Lair:5   | 15166 ||| UPGRADING to +5 ring of evasion.
 15168 | Lair:5   | 15168 ||| DROPPING ring of see invisible.
 15282 | D:10     | Entered Level 10 of the Dungeon
 15283 | D:10     | 15283 ||| STAIRDANCE
 15293 | D:10     | 15293 ||| STAIRDANCE
 15356 | D:9      | 15356 ||| UPGRADING to +2 leather armour of cold
                  | resistance.
 15488 | D:10     | 15488 ||| INVOKING Heroism.
 15784 | D:11     | 15784 ||| STAIRDANCE
 15997 | D:11     | Found a portal to a secret trove of treasure.
 16146 | D:11     | Found a transporter.
 16236 | D:11     | Noticed Myila's ghost (journeyman GrFi)
 16239 | D:11     | Found a transporter.
 16520 | D:11     | 16520 ||| PLANNING D
 16605 | D:12     | 16605 ||| READING scroll of enchant weapon.
 16605 | D:12     | 16605 ||| ENCHANTING +2 heavy orcbow.
 16799 | D:12     | Noticed Fannar
 16810 | D:12     | 16810 ||| INVOKING Heroism.
 16812 | D:12     | Killed Fannar
 16955 | D:12     | Found Ogiw's Distillery.
 16956 | D:12     | Found Vusiju's Weapon Emporium.
 16960 | D:12     | Found Iruogetu's Weapon Boutique.
 16961 | D:12     | Found Joci's Book Shop.
 16965 | D:12     | 16965 ||| BUYING 2 potions of magic (208 gold).
 16965 | D:12     | Bought 2 potions of magic for 208 gold pieces
 16965 | D:12     | 16965 ||| BUYING potion of cancellation (104 gold).
 16965 | D:12     | Bought a potion of cancellation for 104 gold pieces
 16965 | D:12     | 16965 ||| BUYING potion of curing (39 gold).
 16965 | D:12     | Bought a potion of curing for 39 gold pieces
 16965 | D:12     | 16965 ||| BUYING potion of magic (104 gold).
 16965 | D:12     | Bought a potion of magic for 104 gold pieces
 16965 | D:12     | 16965 ||| BUYING potion of might (52 gold).
 16965 | D:12     | Bought a potion of might for 52 gold pieces
 17009 | D:12     | 17009 ||| READING scroll of enchant weapon.
 17009 | D:12     | 17009 ||| ENCHANTING +3 heavy orcbow.
 17032 | D:12     | 17032 ||| READING 3 scrolls of enchant armour.
 17032 | D:12     | 17032 ||| ENCHANTING +0 pair of boots.
 17033 | D:12     | 17033 ||| READING 2 scrolls of enchant armour.
 17033 | D:12     | 17033 ||| ENCHANTING +1 pair of boots.
 17318 | D:13     | Noticed Erolcha
 17319 | D:13     | 17319 ||| INVOKING Heroism.
 17321 | D:13     | Killed Erolcha
 17350 | D:13     | Reached skill level 15 in Fighting
 17414 | D:13     | 17414 ||| Stepping randomly (disturbance).
 17415 | D:13     | 17415 ||| Stepping randomly (disturbance).
 17532 | D:13     | 17532 ||| RETREATING.
 17534 | D:13     | 17534 ||| RETREATING.
 17537 | D:13     | 17537 ||| RETREATING.
 17540 | D:13     | 17540 ||| Stepping ~*~*~tactically~*~*~ (retreating).
 17542 | D:13     | 17542 ||| INVOKING Heroism.
 17544 | D:13     | 17544 ||| READING 3 scrolls of teleportation.
 17707 | D:13     | 17707 ||| RETREATING.
 17762 | D:13     | 17762 ||| Stepping ~*~*~tactically~*~*~ (outnumbered).
 17769 | D:13     | Reached XP level 15. HP: 101/103 MP: 22/22
 17832 | D:13     | 17832 ||| INVOKING Heroism.
 17869 | D:13     | Found Jiedaot's General Store.
 18070 | D:13     | 18070 ||| INVOKING Heroism.
 18072 | D:13     | 18072 ||| READING 2 scrolls of teleportation.
 18354 | D:13     | 18354 ||| INVOKING Heroism.
 18355 | D:13     | 18355 ||| READING scroll of teleportation.
 18445 | D:13     | 18445 ||| Stepping ~*~*~tactically~*~*~ (retreating).
 18455 | D:13     | 18455 ||| Stepping ~*~*~tactically~*~*~ (retreating).
 18456 | D:13     | 18456 ||| INVOKING Heroism.
 18582 | D:13     | 18582 ||| INVOKING Heroism.
 18660 | D:14     | 18660 ||| INVOKING Heroism.
 18661 | D:14     | 18661 ||| RETREATING.
 18669 | D:14     | 18669 ||| Stepping ~*~*~tactically~*~*~ (retreating).
 18671 | D:14     | 18671 ||| Stepping ~*~*~tactically~*~*~ (retreating).
 18672 | D:14     | 18672 ||| Stepping ~*~*~tactically~*~*~ (retreating).
 18673 | D:14     | 18673 ||| Stepping ~*~*~tactically~*~*~ (retreating).
 18674 | D:14     | 18674 ||| Stepping ~*~*~tactically~*~*~ (retreating).
 18675 | D:14     | 18675 ||| Stepping ~*~*~tactically~*~*~ (retreating).
 18862 | D:14     | 18862 ||| RETREATING.
 18868 | D:14     | 18868 ||| RETREATING.
 18869 | D:14     | 18869 ||| Stepping ~*~*~tactically~*~*~ (retreating).
 18870 | D:14     | 18870 ||| Stepping ~*~*~tactically~*~*~ (retreating).
 18878 | D:14     | 18878 ||| INVOKING Heroism.
 18881 | D:14     | HP: 24/103 [red ugly thing (18)]
 18882 | D:14     | 18882 ||| DRINKING 2 potions of heal wounds.
 18901 | D:14     | HP: 15/103 [centaur warrior/arrow (13)]
 18902 | D:14     | 18902 ||| DRINKING potion of heal wounds.
 18906 | D:14     | 18906 ||| INVOKING Heroism.
 18909 | D:14     | HP: 18/103 [smoke demon/divine providence[a kobold
                  | demonologist] (13)]
 18912 | D:14     | HP: 8/104 [something (2)]
 19306 | D:14     | 19306 ||| INVOKING Heroism.
 19643 | D:14     | Found a gate to the Vaults.
 19653 | D:14     | Reached skill level 16 in Fighting
 19705 | D:14     | 19705 ||| INVOKING Heroism.
 19708 | D:14     | Received a gift from Okawaru
 19870 | D:14     | Noticed Roxanne
 19871 | D:14     | 19871 ||| INVOKING Heroism.
 19878 | D:14     | Killed Roxanne
 20106 | D:15     | Entered Level 15 of the Dungeon
 20185 | D:15     | 20185 ||| Stepping ~*~*~tactically~*~*~ (outnumbered).
 20199 | D:15     | Gained mutation: You occasionally shout uncontrollably at
                  | your foes. [a neqoxec]
 20241 | D:15     | 20241 ||| INVOKING Heroism.
 20271 | D:15     | 20271 ||| INVOKING Heroism.
 20291 | D:15     | Reached skill level 17 in Fighting
 20310 | D:15     | Found a staircase to the Depths.
 20477 | D:15     | 20477 ||| RETREATING.
 20602 | D:15     | 20602 ||| Stepping ~*~*~tactically~*~*~ (outnumbered).
 20604 | D:15     | 20604 ||| Stepping ~*~*~tactically~*~*~ (outnumbered).
 20606 | D:15     | 20606 ||| INVOKING Heroism.
 20608 | D:15     | 20608 ||| Stepping ~*~*~tactically~*~*~ (outnumbered).
 20850 | D:15     | 20850 ||| RETREATING.
 20851 | D:15     | 20851 ||| INVOKING Heroism.
 20891 | D:15     | 20891 ||| FLEEEEING.
 21162 | D:15     | 21162 ||| RETREATING.
 21163 | D:15     | 21163 ||| Stepping ~*~*~tactically~*~*~ (retreating).
 21164 | D:15     | 21164 ||| Stepping ~*~*~tactically~*~*~ (retreating).
 21165 | D:15     | 21165 ||| INVOKING Heroism.
 21241 | D:15     | 21241 ||| PLANNING ORC
 21241 | D:15     | 21241 ||| DRINKING 2 lumpy coppery potions.
 21286 | D:15     | 21286 ||| DROPPING potion of lignification.
 21451 | Orc:1    | Entered Level 1 of the Orcish Mines
 21451 | Orc:1    | Noticed Gastronok
 21454 | Orc:1    | 21454 ||| Stepping ~*~*~tactically~*~*~ (outnumbered).
 21455 | Orc:1    | 21455 ||| Stepping ~*~*~tactically~*~*~ (outnumbered).
 21456 | Orc:1    | 21456 ||| Stepping ~*~*~tactically~*~*~ (outnumbered).
 21457 | Orc:1    | 21457 ||| Stepping ~*~*~tactically~*~*~ (outnumbered).
 21459 | Orc:1    | 21459 ||| RETREATING.
 21463 | Orc:1    | 21463 ||| INVOKING Heroism.
 21466 | Orc:1    | 21466 ||| Stepping ~*~*~tactically~*~*~ (outnumbered).
 21517 | Orc:1    | Killed Gastronok
 21518 | Orc:1    | Reached XP level 16. HP: 99/112 MP: 23/23
 21686 | Orc:1    | Found Mutemac's Gadget Gallery.
 21702 | Orc:1    | 21702 ||| BUYING wand of digging (6) (378 gold).
 21702 | Orc:1    | Bought a wand of digging (6) for 378 gold pieces
 21925 | Orc:2    | Entered Level 2 of the Orcish Mines
 21926 | Orc:2    | 21926 ||| INVOKING Heroism.
 21926 | Orc:2    | Noticed Snorg
 21931 | Orc:2    | 21931 ||| STAIRDANCE
 21936 | Orc:2    | 21936 ||| STAIRDANCE
 21942 | Orc:2    | Noticed Jorgrun
 21943 | Orc:2    | 21943 ||| STAIRDANCE
 21954 | Orc:1    | Killed Snorg
 21955 | Orc:1    | Reached skill level 12 in Dodging
 22147 | Orc:2    | 22147 ||| STAIRDANCE
 22149 | Orc:1    | 22149 ||| INVOKING Heroism.
 22174 | Orc:2    | 22174 ||| STAIRDANCE
 22186 | Orc:2    | 22186 ||| STAIRDANCE
 22196 | Orc:2    | 22196 ||| STAIRDANCE
 22198 | Orc:1    | 22198 ||| INVOKING Heroism.
 22205 | Orc:1    | Killed Jorgrun
 22233 | Orc:2    | 22233 ||| STAIRDANCE
 22241 | Orc:2    | 22241 ||| STAIRDANCE
 22246 | Orc:2    | 22246 ||| STAIRDANCE
 22248 | Orc:1    | 22248 ||| INVOKING Heroism.
 22253 | Orc:1    | Received a gift from Okawaru
 22260 | Orc:2    | 22260 ||| STAIRDANCE
 22376 | Orc:2    | 22376 ||| STAIRDANCE
 22382 | Orc:2    | 22382 ||| STAIRDANCE
 22387 | Orc:2    | 22387 ||| STAIRDANCE
 22403 | Orc:1    | 22403 ||| Stepping randomly (disturbance).
 22404 | Orc:1    | 22404 ||| Stepping randomly (disturbance).
 22449 | Orc:2    | 22449 ||| STAIRDANCE
 22467 | Orc:2    | 22467 ||| STAIRDANCE
 22482 | Orc:2    | 22482 ||| STAIRDANCE
 22638 | Orc:2    | 22638 ||| Stepping ~*~*~tactically~*~*~ (outnumbered).
 22640 | Orc:2    | 22640 ||| Stepping ~*~*~tactically~*~*~ (outnumbered).
 22647 | Orc:2    | 22647 ||| Stepping ~*~*~tactically~*~*~ (outnumbered).
 22648 | Orc:2    | 22648 ||| Stepping ~*~*~tactically~*~*~ (outnumbered).
 22676 | Orc:2    | 22676 ||| RETREATING.
 22704 | Orc:2    | Reached skill level 18 in Fighting
 22710 | Orc:2    | 22710 ||| INVOKING Heroism.
 22715 | Orc:2    | Found Cuxtaq's Magic Scroll Shop.
 22743 | Orc:2    | Found Nask's General Store.
 22746 | Orc:2    | 22746 ||| INVOKING Heroism.
 22764 | Orc:2    | 22764 ||| BUYING scroll of enchant armour (112 gold).
 22764 | Orc:2    | Bought a scroll of enchant armour for 112 gold pieces
 22764 | Orc:2    | 22764 ||| BUYING scroll of teleportation (45 gold).
 22764 | Orc:2    | Bought a scroll of teleportation for 45 gold pieces
 22764 | Orc:2    | 22764 ||| BUYING scroll of teleportation (45 gold).
 22764 | Orc:2    | Bought a scroll of teleportation for 45 gold pieces
 22772 | Orc:2    | 22772 ||| Stepping ~*~*~tactically~*~*~ (outnumbered).
 22773 | Orc:2    | 22773 ||| Stepping ~*~*~tactically~*~*~ (outnumbered).
 22836 | Orc:2    | Found a staircase to the Elven Halls.
 22861 | Orc:2    | Noticed Urug
 22862 | Orc:2    | 22862 ||| INVOKING Heroism.
 22866 | Orc:2    | Killed Urug
 22875 | Orc:2    | Found Unwu's Magic Scroll Boutique.
 22880 | Orc:2    | 22880 ||| BUYING scroll of enchant weapon (105 gold).
 22880 | Orc:2    | Bought a scroll of enchant weapon for 105 gold pieces
 22880 | Orc:2    | 22880 ||| BUYING scroll of enchant weapon (105 gold).
 22880 | Orc:2    | Bought a scroll of enchant weapon for 105 gold pieces
 22880 | Orc:2    | 22880 ||| BUYING scroll of teleportation (42 gold).
 22880 | Orc:2    | Bought a scroll of teleportation for 42 gold pieces
 22880 | Orc:2    | 22880 ||| READING 2 scrolls of enchant weapon.
 22880 | Orc:2    | 22880 ||| ENCHANTING +4 heavy orcbow.
 22881 | Orc:2    | 22881 ||| READING scroll of enchant weapon.
 22881 | Orc:2    | 22881 ||| ENCHANTING +5 heavy orcbow.
 22982 | Orc:2    | 22982 ||| Stepping ~*~*~tactically~*~*~ (outnumbered).
 22984 | Orc:2    | 22984 ||| RETREATING.
 22986 | Orc:2    | 22986 ||| RETREATING.
 22988 | Orc:2    | 22988 ||| Stepping ~*~*~tactically~*~*~ (retreating).
 22990 | Orc:2    | 22990 ||| INVOKING Heroism.
 22993 | Orc:2    | 22993 ||| Stepping ~*~*~tactically~*~*~ (retreating).
 23048 | Orc:2    | 23048 ||| Stepping ~*~*~tactically~*~*~ (outnumbered).
 23050 | Orc:2    | 23050 ||| Stepping ~*~*~tactically~*~*~ (outnumbered).
 23052 | Orc:2    | 23052 ||| Stepping ~*~*~tactically~*~*~ (outnumbered).
 23053 | Orc:2    | Gained mutation: Armour fits poorly on your strangely
                  | shaped body. [a neqoxec]
 23074 | Orc:2    | 23074 ||| INVOKING Heroism.
 23082 | Orc:2    | 23082 ||| RETREATING.
 23086 | Orc:2    | 23086 ||| Stepping ~*~*~tactically~*~*~ (outnumbered).
 23156 | Orc:2    | 23156 ||| INVOKING Heroism.
 23158 | Orc:2    | 23158 ||| Stepping ~*~*~tactically~*~*~ (retreating).
 23162 | Orc:2    | 23162 ||| Stepping ~*~*~tactically~*~*~ (retreating).
 23167 | Orc:2    | 23167 ||| Stepping ~*~*~tactically~*~*~ (retreating).
 23168 | Orc:2    | 23168 ||| Stepping ~*~*~tactically~*~*~ (retreating).
 23169 | Orc:2    | 23169 ||| RETREATING.
 23171 | Orc:2    | 23171 ||| Stepping ~*~*~tactically~*~*~ (retreating).
 23172 | Orc:2    | 23172 ||| Stepping ~*~*~tactically~*~*~ (retreating).
 23185 | Orc:2    | 23185 ||| INVOKING Heroism.
 23284 | Orc:2    | 23284 ||| Stepping ~*~*~tactically~*~*~ (outnumbered).
 23286 | Orc:2    | 23286 ||| Stepping ~*~*~tactically~*~*~ (retreating).
 23287 | Orc:2    | 23287 ||| INVOKING Heroism.
 23288 | Orc:2    | 23288 ||| Stepping ~*~*~tactically~*~*~ (retreating).
 23291 | Orc:2    | 23291 ||| Stepping ~*~*~tactically~*~*~ (retreating).
 23292 | Orc:2    | 23292 ||| Stepping ~*~*~tactically~*~*~ (retreating).
 23293 | Orc:2    | 23293 ||| Stepping ~*~*~tactically~*~*~ (retreating).
 23294 | Orc:2    | 23294 ||| Stepping ~*~*~tactically~*~*~ (retreating).
 23296 | Orc:2    | 23296 ||| Stepping ~*~*~tactically~*~*~ (retreating).
 23298 | Orc:2    | 23298 ||| Stepping ~*~*~tactically~*~*~ (retreating).
 23303 | Orc:2    | 23303 ||| Stepping ~*~*~tactically~*~*~ (retreating).
 23304 | Orc:2    | 23304 ||| Stepping ~*~*~tactically~*~*~ (retreating).
 23305 | Orc:2    | 23305 ||| Stepping ~*~*~tactically~*~*~ (retreating).
 23306 | Orc:2    | 23306 ||| Stepping ~*~*~tactically~*~*~ (retreating).
 23307 | Orc:2    | 23307 ||| Stepping ~*~*~tactically~*~*~ (retreating).
 23309 | Orc:2    | 23309 ||| Stepping ~*~*~tactically~*~*~ (retreating).
 23310 | Orc:2    | 23310 ||| Stepping ~*~*~tactically~*~*~ (retreating).
 23311 | Orc:2    | 23311 ||| Stepping ~*~*~tactically~*~*~ (retreating).
 23391 | Orc:2    | Found Ducoetyo's Jewellery Shoppe.
 23391 | Orc:2    | Found Paozuph's Antique Weapon Emporium.
 23392 | Orc:2    | 23392 ||| INVOKING Heroism.
 23398 | Orc:2    | Found a one-way gate leading to the halls of Pandemonium.
 23400 | Orc:2    | 23400 ||| BUYING amulet of reflection (450 gold).
 23400 | Orc:2    | Bought an amulet of reflection for 450 gold pieces
 23481 | Orc:2    | 23481 ||| PLANNING SPIDER:1-3
 23481 | Orc:2    | 23481 ||| UPGRADING to amulet of reflection.
 23491 | Orc:2    | 23491 ||| DROPPING amulet "Joafy" {RegenMP Dex+2}.
 23584 | Spider:1 | Entered Level 1 of the Spider Nest
 23586 | Spider:1 | 23586 ||| STAIRDANCE
 23600 | Spider:1 | 23600 ||| STAIRDANCE
 23711 | Spider:1 | 23711 ||| RETREATING.
 23718 | Spider:1 | 23718 ||| INVOKING Heroism.
 23735 | Spider:1 | You are sucked into a shaft and drop 1 floor!
 23741 | Spider:2 | Reached skill level 9 in Armour
 23750 | Spider:2 | 23750 ||| Stepping ~*~*~tactically~*~*~ (outnumbered).
 23771 | Spider:2 | 23771 ||| INVOKING Heroism.
 23782 | Spider:2 | 23782 ||| INVOKING Heroism.
 23908 | Spider:1 | Noticed Mlioglotl
 23909 | Spider:1 | 23909 ||| INVOKING Heroism.
 23910 | Spider:1 | 23910 ||| Stepping ~*~*~tactically~*~*~ (retreating).
 23920 | Spider:1 | Killed Mlioglotl
 24009 | Spider:1 | 24009 ||| INVOKING Heroism.
 24145 | Spider:1 | Identified the +10 dagger "Transmigrator" {freeze, rPois
                  | rC+}
 24273 | Spider:1 | 24273 ||| Stepping ~*~*~tactically~*~*~ (outnumbered).
 24275 | Spider:1 | 24275 ||| Stepping ~*~*~tactically~*~*~ (outnumbered).
 24352 | Spider:1 | Reached skill level 19 in Fighting
 24352 | Spider:1 | 24352 ||| RETREATING.
 24356 | Spider:1 | 24356 ||| Stepping ~*~*~tactically~*~*~ (retreating).
 24357 | Spider:1 | 24357 ||| Stepping ~*~*~tactically~*~*~ (retreating).
 24358 | Spider:1 | 24358 ||| Stepping ~*~*~tactically~*~*~ (retreating).
 24359 | Spider:1 | 24359 ||| Stepping ~*~*~tactically~*~*~ (retreating).
 24360 | Spider:1 | 24360 ||| Stepping ~*~*~tactically~*~*~ (retreating).
 24363 | Spider:1 | 24363 ||| Stepping ~*~*~tactically~*~*~ (retreating).
 24364 | Spider:1 | 24364 ||| Stepping ~*~*~tactically~*~*~ (retreating).
 24365 | Spider:1 | 24365 ||| Stepping ~*~*~tactically~*~*~ (retreating).
 24366 | Spider:1 | 24366 ||| Stepping ~*~*~tactically~*~*~ (retreating).
 24367 | Spider:1 | 24367 ||| Stepping ~*~*~tactically~*~*~ (retreating).
 24371 | Spider:1 | 24371 ||| INVOKING Heroism.
 24387 | Spider:1 | Reached XP level 17. HP: 80/122 MP: 24/24
 24633 | Spider:1 | 24633 ||| INVOKING Heroism.
 24784 | Spider:1 | 24784 ||| UPGRADING to +0 cloak.
 24789 | Spider:1 | 24789 ||| READING 2 scrolls of enchant armour.
 24789 | Spider:1 | 24789 ||| ENCHANTING +0 cloak.
 24790 | Spider:1 | 24790 ||| READING scroll of enchant armour.
 24790 | Spider:1 | 24790 ||| ENCHANTING +1 cloak.
 24856 | Spider:2 | 24856 ||| RETREATING.
 24865 | Spider:2 | 24865 ||| Stepping ~*~*~tactically~*~*~ (retreating).
 24866 | Spider:2 | 24866 ||| Stepping ~*~*~tactically~*~*~ (retreating).
 24867 | Spider:2 | 24867 ||| Stepping ~*~*~tactically~*~*~ (retreating).
 24868 | Spider:2 | 24868 ||| Stepping ~*~*~tactically~*~*~ (retreating).
 24869 | Spider:2 | 24869 ||| Stepping ~*~*~tactically~*~*~ (retreating).
 24922 | Spider:2 | 24922 ||| FLEEEEING.
 24923 | Spider:2 | 24923 ||| FLEEEEING.
 24924 | Spider:2 | 24924 ||| FLEEEEING.
 24925 | Spider:2 | 24925 ||| STAIRDANCE
 24977 | Spider:2 | Noticed Arachne
 24978 | Spider:2 | 24978 ||| Stepping ~*~*~tactically~*~*~ (retreating).
 24979 | Spider:2 | 24979 ||| Stepping ~*~*~tactically~*~*~ (retreating).
 24980 | Spider:2 | 24980 ||| INVOKING Finesse.
 24995 | Spider:2 | Killed Arachne
 25070 | Spider:2 | 25070 ||| Stepping ~*~*~tactically~*~*~ (outnumbered).
 25074 | Spider:2 | 25074 ||| Stepping ~*~*~tactically~*~*~ (retreating).
 25075 | Spider:2 | 25075 ||| Stepping ~*~*~tactically~*~*~ (retreating).
 25078 | Spider:2 | 25078 ||| Stepping ~*~*~tactically~*~*~ (retreating).
 25085 | Spider:2 | 25085 ||| INVOKING Heroism.
 25507 | Spider:2 | 25507 ||| INVOKING Heroism.
 25512 | Spider:2 | Noticed Frances
 25513 | Spider:2 | 25513 ||| INVOKING Finesse.
 25519 | Spider:2 | Killed Frances
 25629 | Spider:2 | 25629 ||| INVOKING Heroism.
 25644 | Spider:2 | Noticed Kirke
 25651 | Spider:2 | 25651 ||| RETREATING.
 25654 | Spider:2 | 25654 ||| RETREATING.
 25657 | Spider:2 | 25657 ||| Stepping ~*~*~tactically~*~*~ (retreating).
 25657 | Spider:2 | Killed Kirke
 25806 | Spider:2 | 25806 ||| DRINKING 2 viscous inky potions.
 25863 | Spider:3 | 25863 ||| READING scroll of enchant weapon.
 25863 | Spider:3 | 25863 ||| ENCHANTING +6 heavy orcbow.
 25905 | Spider:3 | 25905 ||| RETREATING.
 25962 | Spider:3 | Noticed Azrael
 25965 | Spider:3 | Killed Azrael
 25966 | Spider:3 | Reached skill level 20 in Fighting
 26015 | Spider:3 | 26015 ||| RETREATING.
 26020 | Spider:3 | 26020 ||| Stepping ~*~*~tactically~*~*~ (retreating).
 26022 | Spider:3 | 26022 ||| Stepping ~*~*~tactically~*~*~ (retreating).
 26039 | Spider:3 | 26039 ||| INVOKING Heroism.
 26089 | Spider:3 | 26089 ||| INVOKING Heroism.
 26710 | Spider:3 | 26710 ||| INVOKING Finesse.
 27020 | Spider:3 | Noticed Asterion
 27021 | Spider:3 | 27021 ||| INVOKING Heroism.
 27024 | Spider:3 | 27024 ||| RETREATING.
 27028 | Spider:3 | 27028 ||| RETREATING.
 27033 | Spider:3 | 27033 ||| Stepping ~*~*~tactically~*~*~ (retreating).
 27034 | Spider:3 | 27034 ||| Stepping ~*~*~tactically~*~*~ (retreating).
 27039 | Spider:3 | 27039 ||| Stepping ~*~*~tactically~*~*~ (retreating).
 27040 | Spider:3 | 27040 ||| Stepping ~*~*~tactically~*~*~ (retreating).
 27044 | Spider:3 | Killed Asterion
 27394 | Spider:3 | 27394 ||| PLANNING SWAMP:1-3
 27575 | Swamp:1  | Entered Level 1 of the Swamp
 27640 | Swamp:1  | 27640 ||| INVOKING Heroism.
 27692 | Swamp:1  | 27692 ||| INVOKING Heroism.
 27738 | Swamp:1  | 27738 ||| INVOKING Heroism.
 27853 | Swamp:1  | Noticed Donald
 27854 | Swamp:1  | 27854 ||| INVOKING Heroism.
 27858 | Swamp:1  | Killed Donald
 27935 | Swamp:1  | 27935 ||| INVOKING Heroism.
 27936 | Swamp:1  | 27936 ||| Stepping ~*~*~tactically~*~*~ (retreating).
 28111 | Swamp:1  | 28111 ||| DROPPING ring of fire.
 28139 | Swamp:2  | 28139 ||| Stepping ~*~*~tactically~*~*~ (outnumbered).
 28152 | Swamp:2  | 28152 ||| INVOKING Heroism.
 28476 | Swamp:2  | 28476 ||| INVOKING Heroism.
 28820 | Swamp:3  | 28820 ||| INVOKING Heroism.
 28861 | Swamp:3  | Found a frozen archway.
 28865 | Swamp:3  | 28865 ||| Stepping ~*~*~tactically~*~*~ (outnumbered).
 28866 | Swamp:3  | 28866 ||| Stepping ~*~*~tactically~*~*~ (retreating).
 28867 | Swamp:3  | 28867 ||| INVOKING Heroism.
 28874 | Swamp:3  | 28874 ||| Stepping ~*~*~tactically~*~*~ (outnumbered).
 28880 | Swamp:3  | Reached XP level 18. HP: 131/131 MP: 25/25
 29101 | Swamp:3  | Noticed a tentacled monstrosity
 29102 | Swamp:3  | 29102 ||| INVOKING Heroism.
 29109 | Swamp:3  | Killed a tentacled monstrosity
 29110 | Swamp:3  | Reached skill level 21 in Fighting
 29117 | Swamp:3  | 29117 ||| RETREATING.
 29253 | Swamp:3  | 29253 ||| INVOKING Heroism.
 29300 | Swamp:3  | 29300 ||| FLEEEEING.
 29301 | Swamp:3  | 29301 ||| FLEEEEING.
 29307 | Swamp:3  | 29307 ||| FLEEEEING.
 29308 | Swamp:3  | 29308 ||| FLEEEEING.
 29309 | Swamp:3  | 29309 ||| FLEEEEING.
 29313 | Swamp:3  | 29313 ||| FLEEEEING.
 29386 | Swamp:3  | 29386 ||| RETREATING.
 29573 | Swamp:3  | 29573 ||| PLANNING SPIDER:4
 29573 | Swamp:3  | 29573 ||| DROPPING +1 helmet.
 29767 | Spider:4 | Entered Level 4 of the Spider Nest
 29769 | Spider:4 | 29769 ||| RETREATING.
 29822 | Spider:4 | 29822 ||| Stepping ~*~*~tactically~*~*~ (retreating).
 29823 | Spider:4 | 29823 ||| Stepping ~*~*~tactically~*~*~ (retreating).
 29824 | Spider:4 | 29824 ||| Stepping ~*~*~tactically~*~*~ (retreating).
 29827 | Spider:4 | 29827 ||| Stepping ~*~*~tactically~*~*~ (retreating).
 29832 | Spider:4 | 29832 ||| Stepping ~*~*~tactically~*~*~ (retreating).
 29833 | Spider:4 | 29833 ||| Stepping ~*~*~tactically~*~*~ (retreating).
 29835 | Spider:4 | 29835 ||| Stepping ~*~*~tactically~*~*~ (retreating).
 29840 | Spider:4 | 29840 ||| Stepping ~*~*~tactically~*~*~ (retreating).
 29842 | Spider:4 | 29842 ||| Stepping ~*~*~tactically~*~*~ (retreating).
 29845 | Spider:4 | 29845 ||| INVOKING Heroism.
 30069 | Spider:4 | 30069 ||| RETREATING.
 30071 | Spider:4 | Noticed Aizul
 30072 | Spider:4 | 30072 ||| INVOKING Heroism.
 30078 | Spider:4 | 30078 ||| Stepping ~*~*~tactically~*~*~ (retreating).
 30105 | Spider:4 | Killed Aizul
 30112 | Spider:4 | 30112 ||| INVOKING Heroism.
 30121 | Spider:4 | Reached skill level 15 in Dodging
 30142 | Spider:4 | 30142 ||| INVOKING Finesse.
 30144 | Spider:4 | 30144 ||| INVOKING Heroism.
 30148 | Spider:4 | Received a gift from Okawaru
 30149 | Spider:4 | 30149 ||| RETREATING.
 30152 | Spider:4 | 30152 ||| Stepping ~*~*~tactically~*~*~ (retreating).
 30153 | Spider:4 | 30153 ||| Stepping ~*~*~tactically~*~*~ (retreating).
 30155 | Spider:4 | 30155 ||| Stepping ~*~*~tactically~*~*~ (retreating).
 30156 | Spider:4 | 30156 ||| Stepping ~*~*~tactically~*~*~ (retreating).
 30157 | Spider:4 | 30157 ||| Stepping ~*~*~tactically~*~*~ (retreating).
 30162 | Spider:4 | 30162 ||| Stepping ~*~*~tactically~*~*~ (retreating).
 30163 | Spider:4 | 30163 ||| Stepping ~*~*~tactically~*~*~ (retreating).
 30164 | Spider:4 | 30164 ||| Stepping ~*~*~tactically~*~*~ (retreating).
 30165 | Spider:4 | 30165 ||| Stepping ~*~*~tactically~*~*~ (retreating).
 30167 | Spider:4 | 30167 ||| Stepping ~*~*~tactically~*~*~ (outnumbered).
 30178 | Spider:4 | HP: 24/132 [disintegration (46)]
 30179 | Spider:4 | 30179 ||| READING 4 scrolls of teleportation.
 30221 | Spider:4 | 30221 ||| INVOKING Heroism.
 30601 | Spider:4 | 30601 ||| FLEEEEING.
 30602 | Spider:4 | 30602 ||| FLEEEEING.
 30603 | Spider:4 | 30603 ||| FLEEEEING.
 30612 | Spider:4 | 30612 ||| STAIRDANCE
 30679 | Spider:4 | 30679 ||| Stepping randomly (disturbance).
 30680 | Spider:4 | 30680 ||| Stepping randomly (disturbance).
 30681 | Spider:4 | 30681 ||| FLEEEEING.
 30682 | Spider:4 | 30682 ||| FLEEEEING.
 30683 | Spider:4 | 30683 ||| FLEEEEING.
 30684 | Spider:4 | 30684 ||| FLEEEEING.
 30690 | Spider:4 | 30690 ||| FLEEEEING.
 30692 | Spider:4 | 30692 ||| STAIRDANCE
 30823 | Spider:4 | 30823 ||| INVOKING Heroism.
 30824 | Spider:4 | 30824 ||| STAIRDANCE
 30980 | Spider:4 | 30980 ||| INVOKING Heroism.
 31014 | Spider:4 | Identified the +2 hat "Peistrod" {rElec rN++ Int+3 Dex-5}
 31016 | Spider:4 | Identified the orb "Guehyun" {mayhem, Dex+3}
 31041 | Spider:4 | 31041 ||| INVOKING Heroism.
 31059 | Spider:4 | Identified the scarf of Qazlal's Delight {repulsion, Dex+4}
 31098 | Spider:4 | Got a gossamer rune of Zot
 31124 | Spider:4 | Noticed Mara
 31125 | Spider:4 | 31125 ||| INVOKING Heroism.
 31128 | Spider:4 | 31128 ||| RETREATING.
 31137 | Spider:4 | 31137 ||| Stepping ~*~*~tactically~*~*~ (retreating).
 31138 | Spider:4 | Noticed qw's illusion
 31138 | Spider:4 | 31138 ||| Stepping ~*~*~tactically~*~*~ (retreating).
 31139 | Spider:4 | 31139 ||| Stepping ~*~*~tactically~*~*~ (retreating).
 31140 | Spider:4 | 31140 ||| Stepping ~*~*~tactically~*~*~ (retreating).
 31145 | Spider:4 | 31145 ||| INVOKING Heroism.
 31153 | Spider:4 | Noticed qw's illusion
 31157 | Spider:4 | HP: 6/132 [Mara/bolt of fire (31)]
 31158 | Spider:4 | 31158 ||| READING 3 scrolls of teleportation.
 31160 | Spider:4 | HP: 1/132 [qw's illusion (illusionary)[Mara] (7)]
 31160 | Spider:4 | Annihilated by qw's illusion (illusionary)

Levels and vault maps discovered:
D:1:      saegor_arrival_simple_e, layout_basic, serial_shops, shop,
          ebering_ecumenical_altar_sacrificial, reono_crystal_passage,
          minmay_small_reverse_x
D:2:      layout_basic, dk_noncrumbling_2, kennysheep_jessica_study
D:3:      layout_basic, serial_bayou_lake_a
D:4:      layout_loops_corners, minmay_temple_entry_slanted
D:5:      layout_basic, portal_sewer_entry_c, serial_shops,
          nicolae_inconvenience_store, minmay_misc_feat_tower, chequers_garden,
          uniq_crazy_yiuf_cottage
D:6:      layout_gridville, nicolae_overflow_crystal_walls
D:7:      layout_gridville, minitemple
D:8:      layout_basic, grunt_ministairs_6, hangedman_ranch
D:9:      minmay_the_grid_3x3 [minmay_the_grid_plusring,
          minmay_the_grid_all_tris, minmay_the_grid_square_x,
          minmay_the_grid_tri_star, minmay_the_grid_tiny_cups,
          minmay_the_grid_paths, minmay_the_grid_dragon_a,
          minmay_the_grid_box_x, minmay_the_grid_prize_four_corners],
          layout_long_grid, grunt_ashenzari_visionary
          [grunt_ashenzari_visionary_swamp, grunt_ashenzari_visionary_spider],
          orc_0_dummy, serial_shops, nicolae_shop_bloodbath_and_beyond
D:10:     layout_big_octagon, minivault_16
D:11:     layout_loops_corners, gammafunk_ghost_arena, enter_trove_3
D:12:     layout_gridville, nicolae_wooded_promenade, uniq_fannar
D:13:     layout_loops_ring, special_room [special_room_bee], serial_shops,
          nicolae_shop_crystal, uniq_erolcha
D:14:     layout_cave_pods, skrybe_vaults_entry_preservation,
          chequers_serial_rivers_micro_c, uniq_roxanne
D:15:     gammafunk_depths_entry_grave, layout_loops_cross, serial_demonic,
          serial_demonic_d, serial_demonic_g, serial_demonic_b,
          serial_demonic_f, serial_demonic_e, serial_demonic_g,
          minmay_misc_feat_columns, hangedman_corner_corridor
Temple:   bh_familiar_temple
Lair:1:   layout_misc_corridors, uniq_joseph
Lair:2:   layout_cave_shapes, alex1729_swamp_entry_worm_eleionoma
Lair:3:   minmay_guarded_unrand_snakebite, layout_long_grid, dummy_spider_entry,
          nicolae_quartered_pool_super
Lair:4:   layout_cave_pods, minmay_slime_entry_pillars, grunt_megastairs_5
Lair:5:   minmay_lair_end_enchanted_forest, layout_regular_city,
          kilobyte_rumbling_trees, serial_bayou_shore_a, grunt_megastairs_2
Swamp:1:  layout_basic_swamp, evilmike_swamp_ruin_house_4, uniq_donald
Swamp:2:  layout_basic_swamp, evilmike_swamp_ruin_rubble_1
Swamp:3:  layout_falls_marsh, portal_ice_cave_entry_ice_simulacra,
          evilmike_swamp_ruin_house_3
Spider:1: layout_spider_delve, uniq_mlioglotl
Spider:2: layout_spider_delve, nicolae_spider_spiderdrome,
          nicolae_spider_cling_halls, uniq_frances, uniq_kirke, uniq_arachne
Spider:3: layout_chambers, worms_lemuel, uniq_azrael, uniq_asterion
Spider:4: guppyfry_spider_rune, uniq_mara, uniq_aizul
Orc:1:    layout_caves, nicolae_shop_gadgets, uniq_gastronok
Orc:2:    pf_orc_diabolical, layout_caves, serial_shops,
          nicolae_shop_just_a_little_nook, uniq_snorg, uniq_jorgrun, uniq_urug

Skill      XL: |  1  2  3  4  5  6  7  8  9 10 11 12 13 14 15 16 17 18 |
---------------+-------------------------------------------------------+-----
Ranged Weapons | 5 6 7 8 9 10 13 14 16 | 16.0
Fighting       | 3 4 5 6 7 8 10 12 15 17 19 20 21 | 21.6
Armour         | 1 3 5 7 8 9 11 | 11.0
Dodging        | 2 3 4 5 6 8 10 11 13 14 15 | 15.0
Invocations    | 4 8 10 | 10.0
Stealth        | |  1.1

Action                     |  1- 3 |  4- 6 |  7- 9 | 10-12 | 13-15 | 16-18 || total
---------------------------+-------+-------+-------+-------+-------+-------++-------
   Fire: Shortbow          |   125 |   200 |   350 |   173 |       |       ||   848
         Orcbow            |       |       |       |   585 |  1360 |  1286 ||  3231
 Invoke: Heroism           |       |       |    11 |    30 |    44 |    47 ||   132
         Finesse           |       |       |       |       |     4 |     4 ||     8
    Use: Scroll            |     5 |     6 |    11 |     9 |    11 |     7 ||    49
         Potion            |       |     4 |     2 |     2 |     4 |     1 ||    13
 Armour: Leather armour    |    34 |     2 |    55 |   221 |   438 |   533 ||  1283
         Ring mail         |       |    47 |       |       |       |       ||    47
         Robe              |       |    22 |    40 |       |       |       ||    62
  Dodge: Dodged            |    55 |    62 |   112 |   285 |   794 |  1626 ||  2934
  Block: Other             |       |       |       |       |       |   221 ||   221
         Reflection        |       |       |       |       |       |     1 ||     1

Table legend:
 A = Non-vault XP
 B = Vault XP
 C = Vault XP percentage of total XP
 D = Non-vault monster count
 E = Vault monster count
 F = Vault count percentage of total count
                 A         B        C        D         E       F
            +---------+---------+-------+---------+---------+-------
      Total |  178093 |  110619 |  38.3 |     654 |     309 |  32.1
            +---------+---------+-------+---------+---------+-------
        D:1 |      59 |       8 |  11.9 |      31 |       4 |  11.4
        D:2 |      49 |      39 |  44.3 |      20 |       2 |   9.1
        D:3 |     124 |       0 |   0.0 |      16 |       0 |   0.0
        D:4 |     414 |       0 |   0.0 |      19 |       0 |   0.0
        D:5 |     552 |      17 |   3.0 |      15 |       4 |  21.1
        D:6 |     519 |       0 |   0.0 |      11 |       0 |   0.0
        D:7 |    1338 |       0 |   0.0 |      32 |       0 |   0.0
        D:8 |    1815 |    1687 |  48.2 |      13 |       7 |  35.0
        D:9 |    2311 |   10585 |  82.1 |      29 |      34 |  54.0
       D:10 |    1099 |     595 |  35.1 |      23 |       1 |   4.2
       D:11 |    1444 |       0 |   0.0 |       5 |       0 |   0.0
       D:12 |    3458 |     878 |  20.2 |      12 |       1 |   7.7
       D:13 |    8238 |    3024 |  26.9 |      21 |      21 |  50.0
       D:14 |    8361 |    6963 |  45.4 |      20 |      10 |  33.3
       D:15 |   11268 |    8541 |  43.1 |      19 |      20 |  51.3
     Lair:1 |    5572 |     466 |   7.7 |      25 |       1 |   3.8
     Lair:2 |    1630 |    1045 |  39.1 |       3 |       1 |  25.0
     Lair:3 |    5989 |    1256 |  17.3 |      20 |       9 |  31.0
     Lair:4 |    7984 |    2217 |  21.7 |      24 |       8 |  25.0
     Lair:5 |   16999 |   11269 |  39.9 |      44 |      57 |  56.4
    Swamp:1 |   14370 |    1283 |   8.2 |      24 |       1 |   4.0
    Swamp:2 |    6583 |       0 |   0.0 |      15 |       0 |   0.0
    Swamp:3 |   16255 |    3070 |  15.9 |      24 |       8 |  25.0
   Spider:1 |   16579 |    1861 |  10.1 |      40 |       1 |   2.4
   Spider:2 |   15352 |    4703 |  23.5 |      40 |       4 |   9.1
   Spider:3 |   10616 |   11399 |  51.8 |      24 |      19 |  44.2
   Spider:4 |    8199 |   18344 |  69.1 |      20 |      32 |  61.5
      Orc:1 |    9827 |    4455 |  31.2 |      51 |       3 |   5.6
      Orc:2 |    1089 |   16914 |  94.0 |      14 |      61 |  81.3
            +---------+---------+-------+---------+---------+-------
